 Dungeon Crawl Stone Soup version 0.20-a0-555-gf6ae02d (webtiles) character file.

347 Kiturien the Chopper (level 6, -1/53 HPs)
             Began as a Hill Orc Fighter on Feb 7, 2017.
             Killed by divine providence
             ... invoked by an orc priest
              (7 damage)
             ... on level 5 of the Dungeon.
             The game lasted 00:06:46 (3136 turns).

Kiturien the Chopper (Hill Orc Fighter)             Turns: 3136, Time: 00:06:47

Health: -1/53      AC: 10    Str: 21    XL:     6   Next: 59%
Magic:  6/6        EV:  6    Int:  8    God:
Gold:   151        SH: 14    Dex: 12    Spells: 5/5 levels left

rFire    . . .     SeeInvis .   a - +0 war axe
rCold    + . .     Gourm    .   v - +0 chain mail
rNeg     . . .     Faith    .   c - +0 shield
rPois    .         Spirit   .   (no helmet)
rElec    .         Reflect  +   (no cloak)
rCorr    +         Harm     .   (no gloves)
MR       .....                  m - +0 pair of boots
Stlth    ..........             B - +5 amulet of reflection
Regen    0.2/turn               (no ring)
                                y - ring of resist corrosion

@: no status effects
A: claws 1, agile 1, cold resistance 1
a: Convert to Beogh


You were on level 5 of the Dungeon.
You were not hungry.

You visited 1 branch of the dungeon, and saw 5 of its levels.

You collected 151 gold pieces.

Inventory:

Hand Weapons
 a - a +0 war axe (weapon)
Armour
 c - a +0 shield (worn)
 m - a +0 pair of boots (worn)
 v - a +0 chain mail (worn)
Jewellery
 y - a ring of resist corrosion (left claw)
 B - a +5 amulet of reflection (around neck)
Scrolls
 g - 4 scrolls of teleportation {unknown}
 i - 2 scrolls of recharging {unknown}
 j - 2 scrolls of immolation
 l - 3 scrolls of fog {unknown}
 p - 4 scrolls of remove curse {unknown}
 q - a scroll of enchant armour {unknown}
 z - a scroll of identify {unknown}
 C - 2 scrolls of noise {unknown}
Potions
 b - a potion of curing {unknown}
 d - a potion of might
 e - a potion of agility {unknown}
 h - a potion of flight {unknown}
 k - a potion of ambrosia
 o - a potion of heal wounds {unknown}
 s - a potion of resistance {unknown}
 t - a potion of haste {unknown}
 u - a potion of degeneration {unknown}
 w - a potion of lignification {unknown}
Comestibles
 f - a bread ration
 n - a royal jelly
 r - 4 chunks of flesh
 x - a meat ration
 A - 4 fruits


   Skills:
 + Level 4.3 Fighting
 + Level 6.3 Axes
 + Level 4.5 Armour
 + Level 1.2 Dodging
 + Level 4.2 Shields


You had 5 spell levels left.
You didn't know any spells.

Dungeon Overview and Level Annotations

Branches:
Dungeon (5/15)
 Temple: D:4-7

Altars:
The Shining One

Annotations:
D:5 Prince Ribbit


Innate Abilities, Weirdness & Mutations

You have sharp fingernails.
You are agile. (Dex +2)
Your flesh is cold resistant. (rC+)


Message History

The orc priest is lightly wounded.
The orc priest completely misses you.
You hit the orc priest but do no damage.
The orc priest is lightly wounded.
You block the orc priest's attack.
You hit the orc priest but do no damage.
The orc priest is lightly wounded.
The orc priest hits you with a dagger.
The orc priest invokes the aid of Beogh against you.
Pain shoots through your body!
You closely miss the orc priest.
The orc priest is lightly wounded.
The orc priest mumbles some strange prayers to Beogh against you.
Beogh smites you!
* * * LOW HITPOINT WARNING * * *
Your chain mail prevents you from hitting the orc priest.
The orc priest is lightly wounded.
The orc priest invokes the aid of Beogh against you.
Beogh smites you!
You die...

#...# #...# ###...#
.....# #...# ## #...# #.
########...############.
.....oo@................
.########.############..
..... #.. ####### #..
#.( #.. #.) #.. #..


You could see an orc priest and an orc.

Vanquished Creatures
  A hound (D:4)
  2 orc priests
  2 orc wizards (D:4)
  3 worker ants
  4 adders
  An ooze (D:5)
  An adder zombie (D:5)
  A worm (D:3)
  12 orcs
  2 ball pythons
  2 giant cockroaches (D:3)
  4 goblins
  10 hobgoblins
  2 jackals (D:5)
  8 kobolds
  2 quokkas (D:3)
  8 bats
  9 frilled lizards
  4 rats
78 creatures vanquished.

Notes
Turn   | Place    | Note
-------+----------+-------------------------------------------
     0 | D:1      | Kiturien the Hill Orc Fighter began the quest for the Orb.
     0 | D:1      | Reached XP level 1. HP: 19/19 MP: 1/1
   214 | D:1      | Reached skill level 3 in Axes
   214 | D:1      | Reached XP level 2. HP: 27/27 MP: 2/2
   524 | D:1      | Gained mutation: Your flesh is cold resistant. (rC+) [potion of mutation]
   524 | D:1      | Gained mutation: You are agile. (Dex +2) [potion of mutation]
   524 | D:1      | Gained mutation: You have sharp fingernails. [potion of mutation]
   957 | D:2      | Reached XP level 3. HP: 33/33 MP: 3/3
  1659 | D:3      | Reached XP level 4. HP: 40/40 MP: 4/4
  1666 | D:3      | Reached skill level 4 in Axes
  2076 | D:3      | Reached XP level 5. HP: 46/46 MP: 5/5
  2114 | D:3      | Found a glowing golden altar of the Shining One.
  2467 | D:4      | Reached skill level 5 in Axes
  2475 | D:4      | Reached skill level 1 in Dodging
  2781 | D:4      | Reached XP level 6. HP: 42/52 MP: 6/6
  2818 | D:5      | Entered Level 5 of the Dungeon
  2905 | D:5      | Noticed Prince Ribbit
  3027 | D:5      | Reached skill level 6 in Axes
  3136 | D:5      | Killed from afar by an orc priest

Vault maps used:
D:1:      minmay_arrival_checkered_box
D:3:      nicolae_tso_swordbearing_angel
D:5:      first_bread, uniq_prince_ribbit1

Skill      XL: |  1  2  3  4  5  6 |
---------------+-------------------+-----
Axes           | 3 4 5 6 |  6.3
Fighting       | 4 |  4.3
Armour         | 4 |  4.5
Dodging        | 1 |  1.2
Shields        | 4 |  4.2

Action                   |  1- 3 |  4- 6 || total
-------------------------+-------+-------++-------
Melee: War axe           |   135 |   163 ||   298
  Use: Potion            |     1 |     2 ||     3
       Scroll            |     1 |       ||     1
  Eat: Chunk             |     3 |     5 ||     8
Armor: Scale mail        |    67 |       ||    67
       Chain mail        |     2 |    79 ||    81
Dodge: Dodged            |    34 |    34 ||    68
Block: Shield            |    79 |   100 ||   179
